Map: Odyssey LE

Players

ShoWTimE - Winner!

  • Race: Protoss Protoss
  • Spawn Location: 11:00

iaguz

  • Race: Terran Terran
  • Spawn Location: 5:00

Event: WCS Jonkoping 2017

VOD

Have the link to the VOD?

Description

Time

  • Played on: June 17, 2017, 2:36 p.m.
  • Length: 15:27

All games in this series

Show
View Real Time Build Order
Export as new Build Order

ShoWTimE Protoss - Winner!

Build Orders: 1 Gate Expand, Oracle Opening, Phoenix Opening 

Get SALT Encoding   

  12  0:00  Probe (Chrono Boost)  
  13  0:11  Probe (Chrono Boost)  
  14  0:17  Pylon  
  14  0:22  Probe (Chrono Boost)  
  15  0:35  Probe (Chrono Boost)  
  16  0:36  Gateway  
  16  0:42  Assimilator  
  16  0:45  Probe (Chrono Boost)  
  17  0:56  Probe (Chrono Boost)  
  18  1:06  Probe (Chrono Boost)  
  19  1:20  Nexus  
  19  1:30  Cybernetics Core  
  19  1:33  Probe (Chrono Boost)  
  19  1:38  Assimilator  
  20  1:44  Probe (Chrono Boost)  
  21  1:49  Pylon  
  21  1:54  Probe (Chrono Boost)  
  22  2:04  Probe (Chrono Boost)  
  22  2:07  Adept (Chrono Boost)  
  25  2:13  Stargate  
  25  2:17  Probe  
  25  2:22  Warp Gate  
  26  2:29  Probe  
  27  2:31  Probe, Adept (Chrono Boost)  
  30  2:41  Probe  
  30  2:42  Probe  
  32  2:52  Oracle (Chrono Boost)  
  32  2:53  Probe x2  
  37  3:01  Adept (Chrono Boost)  
  37  3:05  Probe x2  
  40  3:10  Pylon  
  41  3:17  Probe  
  41  3:18  Probe  
  43  3:24  Phoenix  
  43  3:30  Probe (Chrono Boost)  
  43  3:32  Pylon  
  43  3:33  Probe (Chrono Boost)  
  47  3:41  Probe (Chrono Boost)  
  48  3:45  Probe (Chrono Boost)  
  48  3:46  Phoenix  
  49  3:52  Probe (Chrono Boost)  
  52  3:56  Mothership Core (Chrono Boost)  
  52  3:58  Nexus  
  54  4:04  Probe (Chrono Boost)  
  55  4:10  Phoenix  
  55  4:11  Pylon  
  55  4:15  Probe (Chrono Boost)  
  55  4:16  Probe (Chrono Boost)  
  59  4:22  Gateway  
  59  4:25  Probe (Chrono Boost), Gateway  
  59  4:29  Probe (Chrono Boost)  
  61  4:32  Phoenix  
  61  4:36  Probe (Chrono Boost)  
  64  4:39  Assimilator  
  64  4:41  Probe (Chrono Boost), Assimilator  
  65  4:46  Probe (Chrono Boost), Pylon  
  67  4:53  Probe (Chrono Boost)  
  67  4:54  Twilight Council  
  67  4:58  Forge  
  67  4:59  Probe (Chrono Boost)  
  68  5:05  Probe (Chrono Boost)  
  69  5:09  Probe (Chrono Boost)  
  69  5:11  Probe (Chrono Boost)  
  71  5:16  Protoss Ground Weapons Level 1  
  71  5:17  Probe (Chrono Boost)  
  71  5:18  Phoenix  
  71  5:20  Probe (Chrono Boost)  
  74  5:21  Probe (Chrono Boost)  
  75  5:28  Probe (Chrono Boost)  
  75  5:30  Probe (Chrono Boost)  
  75  5:31  Photon Cannon, Resonating Glaives (Chrono Boost)  
  76  5:36  Gateway  
  76  5:39  Gateway  
  76  5:41  Gateway  
  76  5:45  Pylon  
  76  5:47  Phoenix  
  76  5:49  Gateway  
  78  5:51  Gateway  
  78  5:53  Probe x2  
  78  5:54  Probe  
  81  5:59  Pylon  
  81  6:02  Adept x3  
  87  6:08  Robotics Facility  
  87  6:10  Pylon  
  87  6:14  Phoenix  
  89  6:25  Photon Cannon  
  89  6:26  Probe  
  89  6:27  Photon Cannon, Probe  
  89  6:28  Probe  
  89  6:29  Pylon  
  92  6:33  Adept x3  
  98  6:41  Adept x3  
  104  6:50  Phoenix  
  104  6:51  Pylon  
  104  6:53  Pylon  
  104  6:54  Adept x3  
  112  6:56  Protoss Ground Armor Level 1  
  112  6:58  Observer (Chrono Boost)  
  113  7:01  Adept x2  
  117  7:09  Adept x3  
  123  7:15  Phoenix  
  123  7:16  Adept x2  
  123  7:21  Adept  
  123  7:22  Adept x2  
  135  7:32  Pylon  
  135  7:33  Pylon  
  135  7:34  Adept x2  
  139  7:37  Adept  
  141  7:47  Pylon  
  141  7:48  Pylon  
  141  7:50  Phoenix  
  142  7:56  Adept x7  
  148  8:02  Warp Prism (Chrono Boost)  
  148  8:03  Probe  
  148  8:04  Probe  
  148  8:05  Probe  
  151  8:06  Assimilator  
  151  8:09  Assimilator  
  145  8:20  Robotics Bay  
  145  8:25  Probe x2  
  141  8:27  Nexus  
  141  8:32  Adept x2  
  139  8:38  Observer (Chrono Boost)  
  139  8:39  Robotics Facility  
  140  8:41  Adept x4  
  140  8:42  Adept  
  150  8:51  Pylon x2  
  150  8:55  Adept x2  
  154  9:06  Pylon  
  154  9:08  Pylon, Colossus (Chrono Boost)  
  160  9:19  Pylon  
  160  9:20  Colossus (Chrono Boost)  
  157  9:27  Pylon, Extended Thermal Lance (Chrono Boost)  
  157  9:30  Forge  
  163  9:36  Blink  
  163  9:37  Protoss Ground Weapons Level 2 (Chrono Boost)  
  160  9:58  Stalker x4  
  160  9:59  Pylon, Stalker  
  170  10:12  Pylon  
  162  10:24  Protoss Ground Armor Level 2 (Chrono Boost)  
  162  10:25  Colossus  
  162  10:26  Colossus  
  168  10:31  Assimilator  
  174  10:42  Gateway  
  174  10:43  Stalker x3  
  174  10:44  Gateway  
  174  10:45  Gateway  
  174  10:46  Probe x2  
  174  10:47  Gateway  
  182  10:52  Stalker x3  
  188  11:02  Pylon  
  184  11:08  Nexus  
  184  11:10  Nexus  
  184  11:15  Stalker x5  
  194  11:30  Pylon  
  194  11:33  Pylon  
  194  11:37  Dark Shrine  
  194  11:39  Templar Archives  
  194  11:40  Stalker x3  
  200  12:06  Stargate  
  200  12:13  Sentry x2  
  200  12:24  Observer  
  200  12:26  Observer  
  200  12:33  Assimilator x2  
  196  12:51  Dark Templar x2  
  196  13:02  High Templar x2  
  196  13:04  Zealot x2  
  193  13:17  Photon Cannon  
  164  13:29  Nexus  
  164  13:31  Dark Templar x2  
  121  14:18  Pylon  
  121  14:24  Pylon  
  121  14:26  Pylon  
  121  14:27  Pylon  
  120  14:40  Gateway  
  120  14:41  Gateway  
  120  14:44  Gateway  
  119  14:47  Pylon  
  119  14:48  Pylon  
  119  14:52  Pylon  
  118  14:54  Pylon  
  118  15:04  Pylon  
  74  15:22  Archon  
Show
View Real Time Build Order
Export as new Build Order

iaguz Terran 

Build Orders: Reaper Expand, MMM Bio 

Get SALT Encoding   

  12  0:00  SCV  
  13  0:13  SCV  
  14  0:17  Supply Depot  
  14  0:25  SCV  
  14  0:28  Refinery  
  15  0:38  SCV  
  16  0:44  Barracks  
  16  0:50  SCV  
  17  1:03  SCV  
  18  1:15  SCV  
  19  1:31  Orbital Command, Reaper  
  20  1:42  Command Center  
  20  1:53  Factory  
  20  1:57  SCV  
  21  2:05  Barracks Reactor  
  21  2:09  SCV  
  21  2:10  Refinery  
  21  2:15  Supply Depot  
  22  2:21  SCV  
  23  2:36  SCV  
  24  2:43  Starport  
  23  2:48  Hellion, SCV  
  23  2:49  Hellion, Barracks Tech Lab  
  28  2:55  Orbital Command  
  28  3:00  SCV  
  29  3:09  Marine, Widow Mine x2  
  34  3:17  SCV  
  35  3:24  SCV  
  38  3:29  SCV  
  38  3:30  Marine  
  38  3:31  Supply Depot  
  38  3:33  Viking  
  40  3:36  SCV  
  41  3:44  Widow Mine x2  
  41  3:45  SCV  
  46  3:52  Marine  
  46  3:53  SCV  
  46  3:54  Supply Depot  
  48  4:01  SCV  
  49  4:03  Medivac  
  49  4:06  SCV  
  52  4:11  Stimpack  
  52  4:12  Marine  
  52  4:13  SCV  
  54  4:17  Barracks  
  54  4:18  SCV  
  54  4:20  Supply Depot  
  55  4:24  Barracks  
  55  4:25  SCV, Factory Tech Lab  
  55  4:30  Marine  
  57  4:38  SCV  
  57  4:41  SCV  
  59  4:48  Marine  
  59  4:49  Starport Reactor  
  59  4:50  SCV  
  61  4:53  SCV  
  61  4:55  Factory Reactor  
  61  4:56  Barracks x2  
  61  4:57  Refinery  
  62  5:01  Supply Depot  
  62  5:02  SCV  
  62  5:05  SCV, Engineering Bay  
  62  5:15  SCV  
  62  5:17  SCV  
  64  5:26  Marine x2  
  64  5:28  SCV  
  67  5:32  Supply Depot  
  67  5:33  Supply Depot  
  65  5:39  Terran Infantry Weapons Level 1  
  65  5:41  Marauder, Widow Mine x2  
  65  5:42  Marauder, Medivac x2  
  78  5:45  Barracks Reactor, Barracks Tech Lab  
  77  5:56  Command Center  
  77  5:57  Marine x2  
  77  6:04  Marauder x2, SCV  
  83  6:05  Marauder  
  83  6:06  SCV  
  83  6:09  Supply Depot  
  83  6:10  Refinery  
  87  6:11  Supply Depot  
  87  6:13  Widow Mine x2  
  91  6:19  SCV  
  91  6:20  SCV  
  93  6:29  Marine  
  93  6:30  Marine x2  
  93  6:31  Marauder x2, Medivac  
  102  6:33  SCV  
  102  6:34  SCV  
  102  6:38  Marine  
  102  6:39  Marauder, Medivac  
  109  6:41  Combat Shields  
  109  6:46  SCV, Missile Turret  
  110  6:54  Marine x2  
  110  6:55  Marauder x2  
  110  6:56  Marine  
  110  6:59  SCV  
  118  7:03  Supply Depot  
  118  7:08  SCV  
  119  7:11  SCV  
  119  7:13  Marine x2  
  119  7:14  Marauder  
  124  7:26  Marine x2  
  124  7:27  Marauder  
  128  7:30  Widow Mine x2  
  128  7:31  Marauder  
  128  7:33  Marine, Medivac x2  
  128  7:36  SCV  
  140  7:37  SCV  
  140  7:42  Terran Infantry Armor Level 1  
  141  7:53  Marauder, Marine  
  141  7:55  Marauder, Marine  
  124  8:07  Marauder, Marine x2, Widow Mine x2  
  124  8:08  Medivac x2  
  126  8:13  SCV x3  
  126  8:15  Marine x2  
  126  8:16  Marauder  
  129  8:21  Marauder  
  129  8:25  Marine, SCV  
  129  8:26  Marine  
  122  8:29  Marauder  
  122  8:33  Marine  
  118  8:35  Marine  
  118  8:38  Marauder  
  121  8:42  Marine  
  121  8:43  Marine  
  121  8:44  Marine  
  124  8:50  Marauder  
  124  8:51  Marine, Engineering Bay, Widow Mine x2  
  124  8:52  Medivac x2  
  124  8:53  Marine, Armory  
  136  8:59  Concussive Shells  
  136  9:02  Marauder, Marine x2  
  140  9:06  Marauder  
  140  9:09  Marine  
  140  9:11  SCV  
  140  9:16  Supply Depot  
  141  9:17  Supply Depot  
  141  9:21  Marine, Missile Turret  
  141  9:22  SCV  
  141  9:37  Widow Mine  
  141  9:38  Marauder, Marine x3  
  149  9:39  Marauder, Marine, Orbital Command  
  153  9:45  Refinery  
  153  9:46  Refinery  
  153  9:48  Terran Infantry Weapons Level 2  
  151  9:59  Marine  
  145  10:00  Marauder, Marine, Medivac, Widow Mine  
  152  10:16  Command Center  
  152  10:18  Marauder, Marine x2, Terran Infantry Armor Level 2  
  152  10:21  Viking  
  152  10:31  Marauder, Marine x2  
  156  10:38  Widow Mine  
  156  10:39  Medivac, Widow Mine  
  156  10:40  Supply Depot  
  161  10:46  Marine x2  
  161  10:47  Marauder  
  165  10:50  Starport  
  165  10:56  Barracks  
  165  10:57  SCV x2  
  165  11:02  SCV  
  166  11:09  Marauder, Marine x3, Widow Mine  
  173  11:13  Medivac  
  170  11:18  Marine  
  170  11:19  Marauder  
  170  11:24  Supply Depot  
  170  11:25  Marine, Barracks, Widow Mine  
  176  11:27  Marine  
  176  11:31  Marauder  
  179  11:35  Marine  
  178  11:40  Marauder, Planetary Fortress  
  178  11:42  Missile Turret  
  178  11:43  SCV  
  181  11:47  SCV x2  
  181  11:52  Viking  
  185  12:04  Viking  
  187  12:11  Marine  
  187  12:12  Marauder x2, Marine x2, Barracks Tech Lab  
  193  12:25  Marauder, Marine, Viking  
  193  12:26  Viking  
  200  12:34  Ghost Academy  
  200  12:39  Marine  
  200  12:41  Marine  
  186  13:02  Viking x4  
  186  13:03  Marauder x3  
  184  13:14  Marine x3  
  184  13:15  Marine  
Tags
 
Add a new tag
Caveats
  • Supply blocks, unpowered buildings, or Contaminate may cause inaccurate times.
  • Supply counts are checked every 10 seconds.